[ AOE2 MATCH · #507067122 ]
UnrankedMongols vs Mongols
Player's team · LOSS
Rival team · WIN
[ REPLAY ANALYSIS · EXTRACTED FROM THE RECORDED GAME ]
Feudal
—
Castle
—
Imperial
—
| APM avg | 27.4 |
| APM peak | 116 |
| eAPM avg | 9.3 |
| Villagers / military | 30 / 0 |
Focus
⚔️ 18.5% · 🌾 81.5%
Feudal
12:02
Castle
34:43
Imperial
—
| APM avg | 24.2 |
| APM peak | 56 |
| eAPM avg | 14.6 |
| Villagers / military | 94 / 15 |
Focus
⚔️ 16.5% · 🌾 83.5%
Scout Cavalry ×15
Match map
Initial resources + every placement click. Lines = walls · curves = elevation contours. ◆ gold · ⬟ stone · ● berries · ✦ relic · ◌ wall gap
Your base· Open — unwalled flank
andreamancassola12's base· Open — unwalled flank
Smoothed initial terrain · ◌ = detected wall gap · hover for details
Inputs per minute
— Guthrie_Govan - - andreamancassola12
Build order — Guthrie_Govan
58 actions detected in the replay
| 0:01 | Queue | Villager (Male) |
| 0:01 | Queue | Villager (Male) |
| 0:03 | Build | House |
| 0:04 | Build | House |
| 0:09 | Queue | Villager (Male) |
| 0:15 | Queue | Villager (Male) |
| 1:14 | Build | House |
| 1:24 | Queue | Villager (Male) |
| 1:48 | Queue | Villager (Male) |
| 1:57 | Build | Lumber Camp |
| 2:04 | Queue | Villager (Male) |
| 2:36 | Research | Loom |
| 2:36 | Research | Loom |
| 2:41 | Queue | Villager (Male) |
| 2:41 | Queue | Villager (Male) |
| 3:13 | Queue | Villager (Male) |
| 3:29 | Queue | Villager (Male) |
| 3:35 | Queue | Villager (Male) |
| 3:35 | Queue | Villager (Male) |
| 3:46 | Build | Palisade Wall |
| 3:50 | Build | Palisade Wall |
| 4:16 | Build | House |
| 4:54 | Queue | Villager (Male) |
| 4:54 | Queue | Villager (Male) |
| 4:56 | Queue | Villager (Male) |
| 5:00 | Build | Mill |
| 5:13 | Queue | Villager (Male) |
| 6:07 | Queue | Villager (Male) |
| 6:13 | Build | House |
| 6:33 | Queue | Villager (Male) |
| 7:13 | Build | Town Center |
| 7:23 | Build | Palisade Wall |
| 7:33 | Build | Palisade Wall |
| 7:35 | Build | Palisade Wall |
| 7:37 | Build | Palisade Wall |
| 7:41 | Build | Palisade Gate |
| 7:46 | Build | Palisade Wall |
| 8:43 | Queue | Villager (Male) |
| 8:43 | Queue | Villager (Male) |
| 8:43 | Queue | Villager (Male) |
| 8:53 | Queue | Villager (Male) |
| 9:04 | Build | Palisade Wall |
| 9:15 | Build | Palisade Wall |
| 9:20 | Build | Palisade Wall |
| 9:22 | Build | Palisade Wall |
| 9:23 | Build | Palisade Wall |
| 9:27 | Queue | Villager (Male) |
| 9:29 | Queue | Villager (Male) |
| 9:29 | Queue | Villager (Male) |
| 9:42 | Build | Palisade Wall |
| 9:47 | Queue | Villager (Male) |
| 13:55 | Build | Town Center |
| 14:32 | Queue | Villager (Male) |
| 14:32 | Queue | Villager (Male) |
| 14:32 | Queue | Villager (Male) |
| 14:41 | Build | House |
| 15:42 | Build | Lumber Camp |
| 25:51 | Build | Mining Camp |
Build order — andreamancassola12
First 150 of 228 actions detected
| 0:00 | Queue | Villager (Male) |
| 0:01 | Queue | Villager (Male) |
| 0:01 | Queue | Villager (Male) |
| 0:02 | Build | House |
| 0:04 | Build | House |
| 0:22 | Research | Loom |
| 0:24 | Queue | Villager (Male) |
| 0:24 | Queue | Villager (Male) |
| 1:17 | Build | Palisade Wall |
| 1:17 | Build | Palisade Wall |
| 1:18 | Build | Palisade Wall |
| 1:23 | Build | Palisade Wall |
| 1:25 | Build | Palisade Wall |
| 1:38 | Queue | Villager (Male) |
| 1:39 | Queue | Villager (Male) |
| 2:10 | Queue | Villager (Male) |
| 2:10 | Queue | Villager (Male) |
| 2:53 | Queue | Villager (Male) |
| 2:55 | Build | Lumber Camp |
| 3:29 | Queue | Villager (Male) |
| 3:29 | Queue | Villager (Male) |
| 3:32 | Queue | Villager (Male) |
| 3:33 | Build | House |
| 4:13 | Queue | Villager (Male) |
| 4:13 | Queue | Villager (Male) |
| 4:14 | Queue | Villager (Male) |
| 4:35 | Queue | Villager (Male) |
| 4:36 | Queue | Villager (Male) |
| 5:04 | Queue | Villager (Male) |
| 5:04 | Queue | Villager (Male) |
| 5:05 | Queue | Villager (Male) |
| 5:05 | Queue | Villager (Male) |
| 5:20 | Queue | Villager (Male) |
| 5:20 | Queue | Villager (Male) |
| 5:31 | Queue | Villager (Male) |
| 5:31 | Queue | Villager (Male) |
| 5:44 | Build | Mill |
| 5:58 | Queue | Villager (Male) |
| 5:58 | Queue | Villager (Male) |
| 5:59 | Queue | Villager (Male) |
| 5:59 | Queue | Villager (Male) |
| 6:29 | Build | House |
| 7:29 | Queue | Villager (Male) |
| 7:56 | Queue | Villager (Male) |
| 8:31 | Queue | Villager (Male) |
| 8:31 | Queue | Villager (Male) |
| 8:31 | Queue | Villager (Male) |
| 9:07 | Build | House |
| 9:12 | Build | Palisade Wall |
| 9:19 | Build | Palisade Gate |
| 9:26 | Queue | Villager (Male) |
| 9:52 | Research | Feudal Age |
| 10:06 | Build | Palisade Wall |
| 10:07 | Build | Palisade Gate |
| 11:29 | Queue | Villager (Male) |
| 11:29 | Queue | Villager (Male) |
| 12:02 | Age | Feudal Age |
| 12:20 | Queue | Villager (Male) |
| 12:27 | Build | House |
| 12:54 | Queue | Villager (Male) |
| 13:04 | Build | House |
| 13:17 | Build | Mill |
| 13:19 | Queue | Villager (Male) |
| 13:37 | Queue | Villager (Male) |
| 13:37 | Queue | Villager (Male) |
| 14:13 | Build | Lumber Camp |
| 14:25 | Queue | Villager (Male) |
| 14:48 | Queue | Villager (Male) |
| 15:08 | Build | House |
| 15:13 | Queue | Villager (Male) |
| 15:38 | Queue | Villager (Male) |
| 15:42 | Build | House |
| 16:09 | Queue | Villager (Male) |
| 16:34 | Queue | Villager (Male) |
| 17:11 | Queue | Villager (Male) |
| 17:11 | Queue | Villager (Male) |
| 17:32 | Queue | Villager (Male) |
| 17:32 | Queue | Villager (Male) |
| 18:01 | Queue | Villager (Male) |
| 18:01 | Queue | Villager (Male) |
| 18:12 | Build | House |
| 18:29 | Queue | Villager (Male) |
| 18:30 | Queue | Villager (Male) |
| 18:47 | Queue | Villager (Male) |
| 18:47 | Queue | Villager (Male) |
| 19:17 | Queue | Villager (Male) |
| 19:18 | Queue | Villager (Male) |
| 19:43 | Queue | Villager (Male) |
| 19:43 | Queue | Villager (Male) |
| 19:52 | Queue | Villager (Male) |
| 19:52 | Queue | Villager (Male) |
| 20:29 | Queue | Villager (Male) |
| 20:29 | Queue | Villager (Male) |
| 20:42 | Build | House |
| 20:53 | Queue | Villager (Male) |
| 20:53 | Queue | Villager (Male) |
| 21:08 | Queue | Villager (Male) |
| 21:13 | Build | Blacksmith |
| 21:23 | Queue | Villager (Male) |
| 22:03 | Research | Fletching |
| 22:25 | Research | Horse Collar |
| 22:25 | Research | Horse Collar |
| 22:41 | Build | Lumber Camp |
| 22:55 | Build | Farm |
| 22:57 | Queue | Villager (Male) |
| 23:23 | Build | Farm |
| 23:36 | Build | Farm |
| 23:37 | Build | Farm |
| 23:46 | Build | Farm |
| 23:55 | Build | Farm |
| 23:58 | Build | Farm |
| 24:12 | Build | Farm |
| 24:13 | Queue | Villager (Male) |
| 24:13 | Queue | Villager (Male) |
| 24:15 | Build | Barracks |
| 24:24 | Build | Farm |
| 24:37 | Build | Farm |
| 24:40 | Build | Farm |
| 24:46 | Queue | Villager (Male) |
| 24:53 | Build | Farm |
| 25:01 | Build | Farm |
| 25:06 | Build | Farm |
| 25:10 | Build | House |
| 25:12 | Build | House |
| 25:13 | Queue | Villager (Male) |
| 25:22 | Build | Farm |
| 25:30 | Build | Farm |
| 25:32 | Build | Farm |
| 25:33 | Queue | Villager (Male) |
| 25:50 | Queue | Villager (Male) |
| 25:59 | Build | Mining Camp |
| 26:07 | Build | Farm |
| 26:11 | Build | House |
| 26:13 | Build | House |
| 26:14 | Research | Double-Bit Axe |
| 26:14 | Research | Double-Bit Axe |
| 26:20 | Queue | Villager (Male) |
| 26:32 | Build | Farm |
| 26:33 | Queue | Villager (Male) |
| 26:41 | Build | Market |
| 26:46 | Research | Gold Mining |
| 26:56 | Build | Farm |
| 27:04 | Queue | Villager (Male) |
| 27:10 | Build | House |
| 27:12 | Build | House |
| 27:13 | Build | House |
| 27:16 | Build | House |
| 27:22 | Build | Farm |
| 27:23 | Queue | Villager (Male) |
| 27:34 | Build | House |
Match timeline
| 1:17 | andreamancassola12 · wall_segment Palisade Wall x1 |
| 1:17 | andreamancassola12 · wall_segment Palisade Wall x1 |
| 1:18 | andreamancassola12 · wall_segment Palisade Wall x1 |
| 1:23 | andreamancassola12 · wall_segment Palisade Wall x1 |
| 1:25 | andreamancassola12 · wall_segment Palisade Wall x1 |
| 3:46 | Guthrie_Govan · wall_segment Palisade Wall x1 |
| 3:50 | Guthrie_Govan · wall_segment Palisade Wall x1 |
| 7:23 | Guthrie_Govan · wall_segment Palisade Wall x1 |
| 7:33 | Guthrie_Govan · wall_segment Palisade Wall x1 |
| 7:35 | Guthrie_Govan · wall_segment Palisade Wall x1 |
| 7:37 | Guthrie_Govan · wall_segment Palisade Wall x1 |
| 7:46 | Guthrie_Govan · wall_segment Palisade Wall x1 |
| 9:04 | Guthrie_Govan · wall_segment Palisade Wall x1 |
| 9:12 | andreamancassola12 · wall_segment Palisade Wall x1 |
| 9:15 | Guthrie_Govan · wall_segment Palisade Wall x1 |
| 9:20 | Guthrie_Govan · wall_segment Palisade Wall x1 |
| 9:22 | Guthrie_Govan · wall_segment Palisade Wall x1 |
| 9:23 | Guthrie_Govan · wall_segment Palisade Wall x1 |
| 9:42 | Guthrie_Govan · wall_segment Palisade Wall x1 |
| 10:06 | andreamancassola12 · wall_segment Palisade Wall x3 |
| 12:02 | andreamancassola12 · age_up feudal |
| 24:15 | andreamancassola12 · first_building Barracks |
| 27:55 | andreamancassola12 · first_building Stable |
| 29:04 | andreamancassola12 · wall_segment Palisade Wall x8 |
| 33:06 | andreamancassola12 · first_building Archery Range |
| 34:43 | andreamancassola12 · age_up castle |
[ AI ANALYSIS · 1 CREDIT ]
What really happened in this match?
Wolo.gg analyzes every decision: build order, eco, micro, common mistakes by bracket. Personalized analysis on WhatsApp or Discord in 30 seconds.
Civ guide
Mongols
Perfil
Jugador #4224302